 Dungeon Crawl Stone Soup version 0.31-a0-692-gf03d1854d5 (webtiles) character file.

Game seed: 4045366524965507461

9474 qw the Skirmisher (level 11, 0/72 HPs)
             Began as a Gargoyle Hunter on Sept 6, 2023.
             Was a Priest of Okawaru.
             Slain by a rakshasa
             ... wielding a +0 trident
              (17 damage)
             ... on level 9 of the Dungeon.
             The game lasted 00:04:35 (9967 turns).

qw the Skirmisher (Gargoyle Hunter)                 Turns: 9967, Time: 00:04:36

Health: 0/72       AC: 17    Str: 15    XL:     11   Next: 47%
Magic:  13/14      EV: 17    Int: 10    God:    Okawaru [***...]
Gold:   571        SH:  0    Dex: 17    Spells: 10/10 levels left

rFire   . . .        Y - +1 shortbow (drain)
rCold   . . .        (shield currently unavailable)
rNeg    + + .        f - +3 leather armour {rN+}
rPois   inf          (no helmet)
rElec   +            e - +0 cloak
rCorr   .            (no gloves)
SInv    .            d - +0 pair of boots
Will    .....        (no amulet)
Stlth   +++          (no ring)
HPRegen 0.32/turn    (no ring)
MPRegen 0.14/turn

%: no passive effects
@: heroic
A: sickness immunity, AC +8, negative energy resistance 1, electricity
resistance, torment resistance 1, petrification resistance
a: Renounce Religion, Heroism


You were on level 9 of the Dungeon.
You worshipped Okawaru.
Okawaru was most pleased with you.
You visited 2 branches of the dungeon, and saw 10 of its levels.

You collected 571 gold pieces.


Innate Abilities, Weirdness & Mutations

You are immune to sickness and miasma.
Your stone body is resilient. (AC +8)
You are immune to poison.
You resist negative energy. (rN+)
You are resistant to electric shocks. (rElec)
You are resistant to unholy torment.
You are immune to petrification.


   Skills:
 + Level 9.9(14.9) Fighting
 - Level 14.1(19.1) Ranged Weapons
 - Level 3.3(8.3) Armour
 - Level 4.1(9.1) Dodging
 - Level 1.1(6.1) Stealth
 - Level 4.1 Invocations


You had 10 spell levels left.
You didn't know any spells.
Your spell library was empty.

Inventory:

Hand Weapons
 Y - a +1 shortbow of draining (weapon)
Armour
 c - the +1 ring mail of Plog {rElec rC- rCorr Str+3}
   (You found it on level 5 of the Dungeon)

   Str+3:     It affects your strength (+3).
   rC-:       It makes you vulnerable to cold.
   rElec:     It insulates you from electricity.
   rCorr:     It protects you from acid and corrosion.
 d - a +0 pair of boots (worn)
 e - a +0 cloak (worn)
 f - a +3 leather armour of positive energy (worn)
Scrolls
 a - 3 scrolls of identify
Potions
 b - 2 potions of haste
 g - 2 potions of cancellation
 i - 2 potions of curing
 j - a potion of might
 k - a potion of enlightenment
 l - a potion of resistance
 p - a potion of attraction {unknown}

Dungeon Overview and Level Annotations

Branches:
Dungeon (9/15)             Temple (1/1) D:5
   Lair: D:8-11         Orc: D:9-12

Altars:
Dithmenos
Elyvilon
Fedhas
Gozag
Hepliaklqana
Kikubaaqudgha
Makhleb
Okawaru
Qazlal
Ru
Sif Muna
Uskayaw
Wu Jian
Xom
Zin
The Shining One

Shops:
D:1 :

Annotations:
D:1 2 transporters
D:5 3 runed translucent doors, Crazy Yiuf
D:8 1 runed translucent door


Message History

The rakshasa barely misses you.
You shoot an arrow.
The arrow completely misses the rakshasa.
You shoot an arrow. The arrow misses the rakshasa.
The rakshasa hits you but does no damage.
The rakshasa hits you from afar with a +0 trident!
The rakshasa hits you from afar with a +0 trident.
You shoot an arrow. The arrow hits the rakshasa.
You kill the rakshasa!
The rakshasa shimmers and vanishes!
The rakshasa blinks!
The rakshasa hits you but does no damage.
9960 |||
Found retreat position at 0,-2 (floor) with 0 blocking monsters and 1 monsters attacking at destination at distance 2
Enter note:
Enter note:
9960 ||| Stepping ~*~*~tactically~*~*~ (retreating).
The rakshasa attacks as it pursues you!
The rakshasa hits you but does no damage.
Enter note:
Enter note:
Enter note:
9961 ||| Stepping ~*~*~tactically~*~*~ (outnumbered).
You start resting.
A rakshasa is nearby!
You shoot an arrow. The arrow hits the rakshasa.
The rakshasa is heavily wounded.
You shoot an arrow.
The arrow completely misses the rakshasa.
The rakshasa misses you.
You shoot an arrow. The arrow hits the rakshasa!
The rakshasa is heavily wounded.
The rakshasa gestures at you. The lance of force hits you!!
You are knocked back by the lance of force.
You slam into the stone wall!
You shoot an arrow. The arrow hits the rakshasa.
The rakshasa is severely wounded.
You shoot an arrow. The arrow barely misses the rakshasa.
The rakshasa hits you from afar with a +0 trident!
You die...

#.....#..#.....#..#
........##.#
####..##..##.##..##
##########.#
##..##.^#.#..# ##..#
#####...##.....##
##...#
......)..###.### ##
#..#..
........##.)#..## #.
##..##
.......##..###..## #.
##..#
...#..##.#.....#.###.
##.#
......#/..##.##.@.#R#
#.#
<..##.#.#.#...#.#.#.#
#.#
...##.###...#...##R#
#.# #..#..#
#.#...#.#.#.# #.#
......#...##.##.R.#.#
#.#
#..##.##.#.....#.###.
#.#
#......##..###..## #.
..# ##.###..##. #..##
#. #.# ##..#######.
##


You could see a rakshasa.

Vanquished Creatures
  A centaur warrior (D:9)
  A two-headed ogre (D:9)
  An ugly thing (D:9)
  An efreet (D:9)
  A troll (D:9)
  Prince Ribbit (D:6)
  A shadow (D:9)
  Sigmund (D:6)
  2 wyverns (D:8)
  A vampire (D:9)
  7 yaks
  A wraith (D:9)
  A steam dragon (D:9)
  Edmund (D:6)
  Menkaure (D:7)
  5 water moccasins
  An acid dragon (D:8)
  2 ice beasts (D:7)
  3 orc warriors
  2 black bears
  A sky beast (D:6)
  An ogre (D:5)
  4 centaurs
  A phantom (D:7)
  3 kobold brigands
  2 gnoll sergeants (D:7)
  4 scorpions
  Blork the orc (D:6)
  13 bullfrogs
  9 wights
  5 howler monkeys
  2 electric eels
  2 jellies (D:6)
  A gnoll bouda (D:9)
  4 hounds
  4 orc priests
  3 sleepcaps (D:7)
  An iguana (D:7)
  5 orc wizards
  Natasha (D:2)
  11 gnolls
  6 adders
  2 shadow imps
  2 white imps
  2 ufetubi (D:4)
  2 worms (D:3)
  3 dart slugs
  46 orcs
  4 ball pythons
  6 endoplasms
  3 giant cockroaches
  8 goblins
  6 hobgoblins
  13 jackals
  3 quokkas
  3 bats
  2 frilled lizards
  16 kobolds
  3 rats
243 creatures vanquished.

Notes
Turn   | Place    | Note
-------+----------+-------------------------------------------
     0 | D:1      | qw the Gargoyle Hunter began the quest for the Orb.
     0 | D:1      | Reached XP level 1. HP: 12/12 MP: 1/1
     0 | D:1      | 0 ||| qw: Version: 0.3-a-76-g4403597
     0 | D:1      | 0 ||| qw: Game counter: 263
     0 | D:1      | 0 ||| qw: Melee chars always use a shield: true
     0 | D:1      | 0 ||| qw: God list: Okawaru
     0 | D:1      | 0 ||| qw: Allow faded altars: false
     0 | D:1      | 0 ||| qw: Do Orc after clearing Dungeon:15 true
     0 | D:1      | 0 ||| qw: Do second Lair branch before Depths: true
     0 | D:1      | 0 ||| qw: Lair rune preference: random
     0 | D:1      | 0 ||| qw: Goals: Normal
     0 | D:1      | 0 ||| PLANNING D:1-11
   123 | D:1      | HP: 3/12 [jackal (3)]
   134 | D:1      | Reached XP level 2. HP: 7/17 MP: 2/2
   304 | D:1      | Found Tilohyc's Book Boutique.
   730 | D:1      | 730 ||| UPGRADING to +0 robe of willpower.
   740 | D:1      | 740 ||| UPGRADING to amulet of guardian spirit.
   745 | D:1      | 745 ||| READING scroll labelled PEWASCH JYIPP.
   746 | D:1      | 746 ||| READING 2 scrolls labelled BOETER PERGHOTZ.
   747 | D:1      | 747 ||| READING scroll labelled DONONE ILE.
   748 | D:1      | 748 ||| READING scroll labelled YPURROTIHE.
   749 | D:1      | 749 ||| DROPPING scroll of butterflies.
   750 | D:1      | 750 ||| DROPPING scroll of fear.
   894 | D:2      | Reached skill level 5 in Ranged Weapons
   894 | D:2      | Reached XP level 3. HP: 21/21 MP: 3/3
  1244 | D:2      | Noticed Natasha
  1245 | D:2      | 1245 ||| Stepping ~*~*~tactically~*~*~ (outnumbered).
  1247 | D:2      | 1247 ||| Stepping ~*~*~tactically~*~*~ (outnumbered).
  1253 | D:2      | Killed Natasha
  1254 | D:2      | Reached skill level 3 in Fighting
  1254 | D:2      | Reached XP level 4. HP: 24/28 MP: 2/4
  1391 | D:2      | 1391 ||| READING scroll labelled VAFINW GAUC.
  1392 | D:2      | 1392 ||| DRINKING 2 murky brown potions.
  1393 | D:2      | 1393 ||| READING 2 scrolls of identify.
  1393 | D:2      | 1393 ||| IDENTIFYING white potion
  1394 | D:2      | 1394 ||| DROPPING potion of ambrosia.
  1836 | D:3      | 1836 ||| Stepping ~*~*~tactically~*~*~ (retreating).
  1844 | D:3      | Reached XP level 5. HP: 32/32 MP: 5/5
  2261 | D:3      | Found a faded altar of an unknown god.
  2346 | D:3      | Reached skill level 6 in Ranged Weapons
  2407 | D:3      | 2407 ||| DROPPING +0 leather armour.
  2408 | D:3      | 2408 ||| READING scroll labelled QEULLO UTEIC.
  2409 | D:3      | 2409 ||| READING 2 scrolls labelled LASOIH JOCIU.
  2410 | D:3      | 2410 ||| READING scroll labelled DAIBAT OSUWK.
  2414 | D:3      | 2414 ||| READING scroll labelled PYICUUSHRAO.
  2415 | D:3      | 2415 ||| READING 2 scrolls of identify.
  2415 | D:3      | 2415 ||| IDENTIFYING orange potion
  2416 | D:3      | 2416 ||| DROPPING scroll of poison.
  2596 | D:4      | Reached XP level 6. HP: 39/39 MP: 6/6
  2670 | D:4      | Noticed a black bear
  2671 | D:4      | 2671 ||| RETREATING.
  2673 | D:4      | 2673 ||| Stepping ~*~*~tactically~*~*~ (retreating).
  2674 | D:4      | 2674 ||| Stepping ~*~*~tactically~*~*~ (retreating).
  2686 | D:4      | Killed a black bear
  2687 | D:4      | Reached skill level 7 in Ranged Weapons
  2687 | D:4      | Reached XP level 7. HP: 29/44 MP: 3/7
  2835 | D:4      | 2835 ||| FLEEEEING.
  2836 | D:4      | 2836 ||| FLEEEEING.
  2837 | D:4      | 2837 ||| FLEEEEING.
  2838 | D:4      | 2838 ||| FLEEEEING.
  2839 | D:4      | 2839 ||| FLEEEEING.
  2894 | D:4      | 2894 ||| Stepping ~*~*~tactically~*~*~ (outnumbered).
  2897 | D:4      | 2897 ||| Stepping ~*~*~tactically~*~*~ (outnumbered).
  3168 | D:4      | 3168 ||| READING scroll labelled MUNOMIOLAJ.
  3169 | D:4      | 3169 ||| READING scroll labelled BOROMO PESEF.
  3170 | D:4      | 3170 ||| DRINKING 2 ruby potions.
  3171 | D:4      | 3171 ||| READING 3 scrolls of identify.
  3171 | D:4      | 3171 ||| IDENTIFYING metallic dark potion
  3172 | D:4      | 3172 ||| READING 2 scrolls of identify.
  3172 | D:4      | 3172 ||| IDENTIFYING glowing brown potion
  3173 | D:4      | 3173 ||| DROPPING potion of magic.
  3199 | D:5      | Entered Level 5 of the Dungeon
  3278 | D:5      | Found a runed translucent door.
  3288 | D:5      | Found a runed translucent door.
  3289 | D:5      | Identified the +1 ring mail of Plog {rElec rC- rCorr Str+3}
  3303 | D:5      | 3303 ||| RETREATING.
  3320 | D:5      | Reached skill level 8 in Ranged Weapons
  3630 | D:5      | Reached XP level 8. HP: 49/49 MP: 8/8
  3703 | D:5      | Found a staircase to the Ecumenical Temple.
  3704 | D:5      | 3704 ||| PLANNING TEMPLE
  3712 | Temple   | Entered the Ecumenical Temple
  3713 | Temple   | 3713 ||| PLANNING OKAWARU WORSHIP
  3727 | Temple   | Became a worshipper of Warmaster Okawaru
  3728 | Temple   | 3728 ||| PLANNING D:1-11
  3728 | Temple   | 3728 ||| REMOVING amulet of guardian spirit.
  3733 | Temple   | 3733 ||| DROPPING amulet of guardian spirit.
  3828 | D:5      | Found a runed translucent door.
  3829 | D:5      | Noticed Crazy Yiuf
  4588 | D:6      | Reached skill level 9 in Ranged Weapons
  4863 | D:6      | 4863 ||| Stepping ~*~*~tactically~*~*~ (retreating).
  4865 | D:6      | 4865 ||| Stepping ~*~*~tactically~*~*~ (retreating).
  4875 | D:6      | HP: 12/51 [wight/+3 falchion (7)]
  4876 | D:6      | 4876 ||| READING scroll of teleportation.
  4877 | D:6      | 4877 ||| DRINKING potion of heal wounds.
  5013 | D:6      | Noticed Sigmund
  5017 | D:6      | 5017 ||| DRINKING potion of curing.
  5017 | D:6      | 5017 ||| (to cure confusion)
  5021 | D:6      | Killed Sigmund
  5021 | D:6      | Reached * piety under Okawaru
  5022 | D:6      | Reached skill level 6 in Fighting
  5103 | D:6      | Noticed Edmund
  5104 | D:6      | 5104 ||| INVOKING Heroism.
  5115 | D:6      | Killed Edmund
  5157 | D:6      | Noticed Blork the orc
  5158 | D:6      | 5158 ||| INVOKING Heroism.
  5160 | D:6      | Killed Blork the orc
  5333 | D:6      | Reached skill level 10 in Ranged Weapons
  5425 | D:6      | Noticed Prince Ribbit
  5426 | D:6      | 5426 ||| INVOKING Heroism.
  5428 | D:6      | 5428 ||| RETREATING.
  5444 | D:6      | Killed Prince Ribbit
  5445 | D:6      | Reached skill level 3 in Dodging
  5445 | D:6      | Reached XP level 9. HP: 40/56 MP: 7/9
  5448 | D:6      | 5448 ||| INVOKING Heroism.
  5450 | D:6      | Reached skill level 1 in Invocations
  5616 | D:6      | 5616 ||| Stepping ~*~*~tactically~*~*~ (outnumbered).
  5631 | D:6      | Reached skill level 3 in Invocations
  5631 | D:6      | 5631 ||| INVOKING Heroism.
  5810 | D:6      | 5810 ||| UPGRADING to +0 pair of boots.
  5815 | D:6      | 5815 ||| READING scroll labelled ZONWADW CYEDDO.
  5816 | D:6      | 5816 ||| DRINKING 3 silvery potions.
  5817 | D:6      | 5817 ||| READING 3 scrolls of identify.
  5817 | D:6      | 5817 ||| IDENTIFYING fuming purple potion
  5818 | D:6      | 5818 ||| READING 2 scrolls of identify.
  5818 | D:6      | 5818 ||| IDENTIFYING purple potion
  5819 | D:6      | 5819 ||| DROPPING potion of brilliance.
  5904 | D:7      | Reached skill level 1 in Armour
  5958 | D:7      | Noticed Menkaure
  5959 | D:7      | 5959 ||| INVOKING Heroism.
  5968 | D:7      | Killed Menkaure
  5982 | D:7      | 5982 ||| FLEEEEING.
  5983 | D:7      | 5983 ||| FLEEEEING.
  5984 | D:7      | 5984 ||| FLEEEEING.
  5986 | D:7      | 5986 ||| FLEEEEING.
  5987 | D:7      | 5987 ||| FLEEEEING.
  5988 | D:7      | 5988 ||| FLEEEEING.
  5989 | D:7      | 5989 ||| FLEEEEING.
  5990 | D:7      | 5990 ||| FLEEEEING.
  5991 | D:7      | 5991 ||| FLEEEEING.
  5992 | D:7      | 5992 ||| FLEEEEING.
  5993 | D:7      | 5993 ||| FLEEEEING.
  5995 | D:7      | 5995 ||| FLEEEEING.
  5997 | D:7      | 5997 ||| FLEEEEING.
  5998 | D:7      | 5998 ||| FLEEEEING.
  5999 | D:7      | 5999 ||| FLEEEEING.
  6007 | D:7      | 6007 ||| STAIRDANCE
  6037 | D:6      | 6037 ||| DROPPING +6 ring of intelligence.
  6077 | D:7      | 6077 ||| RETREATING.
  6090 | D:7      | 6090 ||| INVOKING Heroism.
  6098 | D:7      | HP: 12/57 [gnoll sergeant/+0 heavy trident (5)]
  6099 | D:7      | 6099 ||| READING 2 scrolls of teleportation.
  6100 | D:7      | HP: 2/57 [gnoll sergeant/+0 heavy trident (10)]
  6104 | D:7      | 6104 ||| FLEEEEING.
  6105 | D:7      | 6105 ||| READING scroll of teleportation.
  6106 | D:7      | 6106 ||| FLEEEEING.
  6145 | D:7      | 6145 ||| FLEEEEING.
  6146 | D:7      | 6146 ||| FLEEEEING.
  6148 | D:7      | 6148 ||| INVOKING Heroism.
  6183 | D:7      | 6183 ||| FLEEEEING.
  6184 | D:7      | 6184 ||| FLEEEEING.
  6185 | D:7      | 6185 ||| FLEEEEING.
  6188 | D:7      | 6188 ||| FLEEEEING.
  6189 | D:7      | 6189 ||| FLEEEEING.
  6190 | D:7      | 6190 ||| FLEEEEING.
  6191 | D:7      | 6191 ||| FLEEEEING.
  6192 | D:7      | 6192 ||| INVOKING Heroism.
  6198 | D:7      | Reached skill level 11 in Ranged Weapons
  6416 | D:7      | Reached XP level 10. HP: 64/64 MP: 13/13
  6419 | D:7      | 6419 ||| INVOKING Heroism.
  6492 | D:7      | 6492 ||| INVOKING Heroism.
  6657 | D:7      | Reached ** piety under Okawaru
  7027 | D:7      | 7027 ||| UPGRADING to +3 leather armour of positive energy.
  7037 | D:7      | 7037 ||| DROPPING +0 robe of willpower.
  7038 | D:7      | 7038 ||| DROPPING +0 ring mail.
  7039 | D:7      | 7039 ||| READING scroll labelled PERHEDO KEMP.
  7140 | D:7      | 7140 ||| READING 2 scrolls of identify.
  7140 | D:7      | 7140 ||| IDENTIFYING green potion
  7207 | D:8      | 7207 ||| Stepping ~*~*~tactically~*~*~ (outnumbered).
  7210 | D:8      | 7210 ||| Stepping ~*~*~tactically~*~*~ (outnumbered).
  7212 | D:8      | 7212 ||| Stepping ~*~*~tactically~*~*~ (outnumbered).
  7214 | D:8      | 7214 ||| Stepping ~*~*~tactically~*~*~ (outnumbered).
  7291 | D:8      | 7291 ||| Stepping ~*~*~tactically~*~*~ (retreating).
  7292 | D:8      | 7292 ||| Stepping ~*~*~tactically~*~*~ (retreating).
  7293 | D:8      | 7293 ||| Stepping ~*~*~tactically~*~*~ (retreating).
  7294 | D:8      | 7294 ||| Stepping ~*~*~tactically~*~*~ (retreating).
  7295 | D:8      | 7295 ||| Stepping ~*~*~tactically~*~*~ (retreating).
  7296 | D:8      | 7296 ||| Stepping ~*~*~tactically~*~*~ (retreating).
  7297 | D:8      | 7297 ||| Stepping ~*~*~tactically~*~*~ (retreating).
  7298 | D:8      | 7298 ||| Stepping ~*~*~tactically~*~*~ (retreating).
  7299 | D:8      | 7299 ||| Stepping ~*~*~tactically~*~*~ (retreating).
  7300 | D:8      | 7300 ||| Stepping ~*~*~tactically~*~*~ (retreating).
  7301 | D:8      | 7301 ||| INVOKING Heroism.
  7317 | D:8      | HP: 13/64 [yak (6)]
  7318 | D:8      | 7318 ||| DRINKING potion of heal wounds.
  7321 | D:8      | Reached skill level 12 in Ranged Weapons
  7330 | D:8      | 7330 ||| INVOKING Heroism.
  7571 | D:8      | Found a flagged portal.
  7666 | D:8      | 7666 ||| INVOKING Heroism.
  7808 | D:8      | 7808 ||| Stepping ~*~*~tactically~*~*~ (outnumbered).
  7810 | D:8      | 7810 ||| INVOKING Heroism.
  8429 | D:8      | Found a white marble altar of Elyvilon.
  8636 | D:8      | Reached skill level 13 in Ranged Weapons
  8724 | D:8      | Found a runed translucent door.
  8727 | D:8      | 8727 ||| UPGRADING to +0 cloak.
  8732 | D:8      | 8732 ||| READING 2 scrolls of identify.
  8732 | D:8      | 8732 ||| IDENTIFYING amethyst potion
  8733 | D:8      | 8733 ||| DROPPING potion of degeneration.
  8778 | D:9      | 8778 ||| RETREATING.
  8784 | D:9      | 8784 ||| Stepping ~*~*~tactically~*~*~ (retreating).
  8785 | D:9      | 8785 ||| Stepping ~*~*~tactically~*~*~ (retreating).
  8786 | D:9      | 8786 ||| Stepping ~*~*~tactically~*~*~ (retreating).
  8787 | D:9      | 8787 ||| Stepping ~*~*~tactically~*~*~ (retreating).
  8791 | D:9      | 8791 ||| INVOKING Heroism.
  9216 | D:9      | 9216 ||| INVOKING Heroism.
  9224 | D:9      | Reached skill level 9 in Fighting
  9234 | D:9      | Reached skill level 3 in Armour
  9234 | D:9      | Reached XP level 11. HP: 28/71 MP: 12/14
  9505 | D:9      | 9505 ||| Stepping ~*~*~tactically~*~*~ (outnumbered).
  9507 | D:9      | 9507 ||| INVOKING Heroism.
  9509 | D:9      | 9509 ||| Stepping ~*~*~tactically~*~*~ (retreating).
  9531 | D:9      | Noticed a two-headed ogre
  9537 | D:9      | Killed a two-headed ogre
  9537 | D:9      | Reached *** piety under Okawaru
  9546 | D:9      | 9546 ||| INVOKING Heroism.
  9577 | D:9      | 9577 ||| INVOKING Heroism.
  9672 | D:9      | 9672 ||| INVOKING Heroism.
  9756 | D:9      | 9756 ||| INVOKING Heroism.
  9759 | D:9      | Noticed a green ugly thing
  9763 | D:9      | Noticed a centaur warrior
  9772 | D:9      | Killed a green ugly thing
  9773 | D:9      | Reached skill level 14 in Ranged Weapons
  9776 | D:9      | Killed a centaur warrior
  9939 | D:9      | Noticed a rakshasa
  9947 | D:9      | 9947 ||| Stepping ~*~*~tactically~*~*~ (retreating).
  9954 | D:9      | 9954 ||| INVOKING Heroism.
  9960 | D:9      | 9960 ||| Stepping ~*~*~tactically~*~*~ (retreating).
  9961 | D:9      | 9961 ||| Stepping ~*~*~tactically~*~*~ (outnumbered).
  9965 | D:9      | HP: 18/72 [rakshasa/lance of force (21)]
  9967 | D:9      | Slain by a rakshasa

Levels and vault maps discovered:
D:1:      spicycebolla_arrival_transporter_tutorial, layout_loops_ring,
          serial_shops, nicolae_book_shop_shelving
D:2:      layout_basic, minivault_23, grunt_ministairs_2, nrook_campfire,
          uniq_natasha
D:3:      minmay_evil_eye, layout_basic, shapermc_ecumenical_altar_mp_vishouse,
          kennysheep_generic_room_3
D:4:      layout_loops_cross, nicolae_figureground_sparkle
D:5:      lemuel_insect_pit, layout_layer_cave,
          minmay_temple_entry_statues_fountains, small_statue_intersection,
          hangedman_glass_teeth, kennysheep_generic_room_14,
          uniq_crazy_yiuf_cottage
D:6:      layout_loops_corners, uniq_edmund, uniq_blork_the_orc,
          uniq_prince_ribbit1, uniq_sigmund
D:7:      wad_river_or_something, layout_basic, uniq_menkaure
D:8:      gammafunk_indiana_jones, layout_layer_cave,
          nicolae_elyvilon_peaceful_grove, enter_bailey_5, kennysheep_nub,
          serial_bayou_pond_c
D:9:      minmay_the_grid_octo_2x2 [minmay_the_grid_octo_toaster,
          minmay_the_grid_octo_horde, minmay_the_grid_octo_focus,
          minmay_the_grid_octo_prize_big_c], layout_loops_ring,
          minmay_overflow_temple_hex
Temple:   regret_index_temple_waves

Skill      XL: |  1  2  3  4  5  6  7  8  9 10 11 |
---------------+----------------------------------+-----
Ranged Weapons | 5 6 7 8 10 11 13 14 | 14.1
Fighting       | 3 4 5 6 8 9 |  9.9
Dodging        | 2 3 4 |  4.1
Invocations    | 4 |  4.1
Armour         | 1 3 |  3.3
Stealth        | |  1.1

Action                     |  1- 3 |  4- 6 |  7- 9 | 10-12 || total
---------------------------+-------+-------+-------+-------++-------
   Fire: Shortbow          |    77 |   148 |   409 |   456 ||  1090
 Invoke: Heroism           |       |       |     9 |    14 ||    23
    Use: Scroll            |     4 |     7 |    10 |     3 ||    24
         Potion            |       |     1 |     4 |     1 ||     6
 Armour: Leather armour    |    20 |       |       |   137 ||   157
         Robe              |     9 |    46 |   104 |    14 ||   173
  Dodge: Dodged            |    32 |    56 |   117 |   163 ||   368

Table legend:
 A = Non-vault XP
 B = Vault XP
 C = Vault XP percentage of total XP
 D = Non-vault monster count
 E = Vault monster count
 F = Vault count percentage of total count
                 A         B        C        D         E       F
            +---------+---------+-------+---------+---------+-------
      Total |    7052 |    6483 |  47.9 |     198 |      45 |  18.5
            +---------+---------+-------+---------+---------+-------
        D:1 |      15 |       0 |   0.0 |       9 |       0 |   0.0
        D:2 |      67 |      35 |  34.3 |      22 |       1 |   4.3
        D:3 |     100 |      12 |  10.7 |      24 |       6 |  20.0
        D:4 |     548 |       0 |   0.0 |      23 |       0 |   0.0
        D:5 |     535 |      27 |   4.8 |      15 |       2 |  11.8
        D:6 |    1213 |     762 |  38.6 |      27 |       4 |  12.9
        D:7 |    1083 |    1103 |  50.5 |      28 |      10 |  26.3
        D:8 |    2564 |       6 |   0.2 |      38 |       3 |   7.3
        D:9 |     927 |    4538 |  83.0 |      12 |      19 |  61.3
            +---------+---------+-------+---------+---------+-------
